 Dungeon Crawl Stone Soup version 0.30.0-18-gc0e69614cb (webtiles) character file.

Game seed: 11427477127040525373

371 monsoonserge the Charlatan (level 6, -2/47 HPs)
             Began as a Gnoll Wanderer on May 25, 2023.
             Killed from afar by an orc wizard (7 damage)
             ... with a puff of flame
             ... on level 5 of the Dungeon.
             The game lasted 00:16:21 (4053 turns).

monsoonserge the Charlatan (Gnoll Wanderer)         Turns: 4053, Time: 00:16:21

Health: -2/47      AC: 10    Str: 15    XL:     6   Next: 71%
Magic:  9/9        EV: 10    Int: 11    God:
Gold:   161        SH: 10    Dex: 10    Spells: 9/9 levels left

rFire   . .          .
                       - Unarmed
rCold   + . .        c - +0 buckler
rNeg    . . .        B - +2 ring mail {rPois}
rPois   +            (no helmet)
rElec   .            (no cloak)
rCorr   .            u - +1 pair of gloves
SInv    .            t - +0 pair of boots
Will    .....        v - amulet of reflection
Stlth   +            x - ring of protection from cold
HPRegen 0.27/turn    (no ring)
MPRegen 0.11/turn

%: reflection
@: on berserk cooldown, flying, slowed, very slow
A: fangs 1, strong nose, distributed training, deterioration 2, wild magic 1
a: no special abilities


You were on level 5 of the Dungeon.
You visited 2 branches of the dungeon, and saw 6 of its levels.

You collected 161 gold pieces.

Inventory:

Hand Weapons
 z - a +2 short sword of protection
Missiles
 j - 34 stones
 l - 19 poisoned darts
 q - 5 boomerangs (quivered)
Armour
 c - a +0 buckler (worn)
 e - a +0 leather armour
 r - a +0 kite shield
 s - a +0 scale mail
 t - a +0 pair of boots (worn)
 u - a +1 pair of gloves (worn)
 w - the +0 ring mail of the Everdark {rCorr}
   (You found it on level 4 of the Dungeon)

   rCorr:     It protects you from acid and corrosion.
 B - a +2 ring mail of poison resistance (worn)
Jewellery
 v - an amulet of reflection (around neck)
 x - a ring of protection from cold (left hand)
Scrolls
 a - 11 scrolls of identify {unknown}
 b - 2 scrolls of fog
 g - 6 scrolls of teleportation {unknown}
 h - 2 scrolls of noise {unknown}
 i - a scroll of fear {unknown}
 k - 4 scrolls of amnesia {unknown}
 y - a scroll of blinking {unknown}
Potions
 d - a potion of magic
 n - a potion of might
 p - a potion of berserk rage


   Skills:
 + Level 3.4 Fighting
 + Level 2.1 Short Blades
 + Level 2.1 Long Blades
 + Level 2.1 Axes
 + Level 2.1 Maces & Flails
 + Level 2.1 Polearms
 + Level 2.1 Staves
 + Level 2.1 Ranged Weapons
 + Level 3.4 Throwing
 + Level 2.1 Armour
 + Level 2.1 Dodging
 + Level 3.2 Stealth
 + Level 5.1 Shields
 + Level 5.1 Unarmed Combat
 + Level 2.1 Spellcasting
 + Level 1.7 Conjurations
 + Level 1.7 Hexes
 + Level 1.7 Summonings
 + Level 1.7 Necromancy
 + Level 1.7 Translocations
 + Level 1.7 Transmutations
 + Level 1.7 Fire Magic
 + Level 1.7 Ice Magic
 + Level 1.7 Air Magic
 + Level 1.7 Earth Magic
 + Level 1.7 Poison Magic
 + Level 2.4 Invocations
 + Level 6.9 Evocations


You had 9 spell levels left.
You didn't know any spells.
Your spell library contained the following spells:

 Spells                   Type           Power      Damage    Failure   Level
 Sting                    Tmut/Pois      24%        1d4       43%         1
 Poisonous Vapours        Pois/Air       12%        N/A       56%         2
 Sublimation of Blood     Necr           6%         N/A       56%         2
 Wereblood                Tmut           6%         N/A       56%         2
 Olgreb's Toxic Radiance  Pois           6%         N/A       99%         4
 Passage of Golubria      Tloc           6%         N/A       99%         4
 Silence                  Hex/Air        3%         N/A       100%        5
 Summon Hydra             Summ           3%         N/A       100%        7
 Lehudib's Crystal Spear  Conj/Erth      3%         10d2      100%        8


Dungeon Overview and Level Annotations

Branches:
Dungeon (5/15)             Temple (1/1) D:4

Altars:
Ashenzari
Dithmenos
Elyvilon
Fedhas
Gozag
Hepliaklqana
Kikubaaqudgha
Makhleb
Nemelex Xobeh
Trog
Uskayaw
Wu Jian
Xom
Yredelemnul
Zin
The Shining One

Shops:
D:1 (   D:2 :   D:3 [


Innate Abilities, Weirdness & Mutations

You have very sharp teeth.
Your uncanny sense of smell can sniff out nearby items.
Your experience applies equally to all skills.
Your body often deteriorates upon taking damage.
Your spells are a little harder to cast, but a little more powerful.


Message History

You hear some strange, mumbled words.
Something tries to affect you, but you resist.
You hear some strange, mumbled words.
Something tries to affect you, but you resist.
The orc wizard closely misses you.
You hit the orc wizard.
You kill the orc wizard!
Something hits you but does no damage.
You hear some strange, mumbled words.
A puff of flame appears from out of thin air!
You block puff of flame... and reflect it back!
The puff of flame hits something.
Something hits you but does no damage.
You hear some strange, mumbled words.
A puff of flame appears from out of thin air!
The puff of flame misses you.
You barely miss something.
Something hits you but does no damage. x2
You barely miss something. You block something's attack.
Something hits you but does no damage.
You miss something. Something hits you.
* * * LOW HITPOINT WARNING * * *
You block something's attack. Something hits you.
* * * LOW HITPOINT WARNING * * *
Something hits you but does no damage.
Unknown command.
You barely miss something.
Something hits you but does no damage. x2
You closely miss something. Your bite misses something.
You hear some strange, mumbled words.
A puff of flame appears from out of thin air!
The puff of flame misses you. Something hits you but does no damage.
You hit something. Something hits you.
* * * LOW HITPOINT WARNING * * *
Something hits you but does no damage. x2
You hear some strange, mumbled words.
A magic dart appears from out of thin air!
The magic dart hits you but does no damage.
You barely miss something.
You hear some strange, mumbled words.
A puff of flame appears from out of thin air!
The puff of flame hits you!
You die...

####.##### .. ... #.#
. <.. ..< #l#####..
..?♣ .. #.......#
....... #.#.#.#..
...♣. #........ ...
#>#.#....
#.#.##$######.......#
......){@............
#......{).......####.
###########.##### #.#
#.# #.# #.# #.#


There were no monsters in sight!

Vanquished Creatures
  A crimson imp (D:4)
  A hound (D:4)
  A jelly (D:5)
  2 iguanas (D:5)
  2 orc wizards (D:5)
  5 adders
  4 gnolls (D:4)
  2 worms (D:2)
  2 dart slugs (D:1)
  9 orcs
  4 endoplasms
  2 giant cockroaches
  7 goblins
  5 hobgoblins
  6 jackals
  4 ball pythons
  8 bats
  2 goblin skeletons (D:4)
  2 hobgoblin zombies (D:4)
  8 kobolds
  2 kobold skeletons (D:4)
  A kobold zombie (D:4)
  An orc skeleton (D:4)
  2 orc zombies (D:4)
83 creatures vanquished.

Notes
Turn   | Place    | Note
-------+----------+-------------------------------------------
     0 | D:1      | monsoonserge the Gnoll Wanderer began the quest for the
                  | Orb.
     0 | D:1      | monsoonserge set off with the following items: a +0 club, a
                  | scroll of fog, a +0 buckler, a potion of lignification, a
                  | +0 leather armour, a wand of light (2).
     0 | D:1      | Reached XP level 1. HP: 17/17 MP: 1/1
    95 | D:1      | Found Jefynege's Antique Weapon Emporium.
   239 | D:1      | Reached XP level 2. HP: 21/23 MP: 2/2
   908 | D:2      | Reached XP level 3. HP: 21/28 MP: 3/3
  1067 | D:2      | Found Ozxom's Vocational Training.
  1073 | D:2      | Reached skill level 1 in Invocations
  1098 | D:2      | Reached skill level 1 in Short Blades
  1098 | D:2      | Reached skill level 1 in Long Blades
  1098 | D:2      | Reached skill level 1 in Axes
  1098 | D:2      | Reached skill level 1 in Maces & Flails
  1098 | D:2      | Reached skill level 1 in Polearms
  1098 | D:2      | Reached skill level 1 in Staves
  1098 | D:2      | Reached skill level 1 in Ranged Weapons
  1098 | D:2      | Reached skill level 1 in Armour
  1098 | D:2      | Reached skill level 1 in Dodging
  1098 | D:2      | Reached skill level 1 in Spellcasting
  1329 | D:2      | Reached XP level 4. HP: 29/34 MP: 5/5
  2007 | D:3      | Found a hazy altar of Hepliaklqana.
  2020 | D:3      | Found Wiurymp's Armour Shoppe.
  2142 | D:3      | Found a glowing silver altar of Zin.
  2239 | D:4      | Reached skill level 1 in Conjurations
  2239 | D:4      | Reached skill level 1 in Hexes
  2239 | D:4      | Reached skill level 1 in Summonings
  2239 | D:4      | Reached skill level 1 in Necromancy
  2239 | D:4      | Reached skill level 1 in Translocations
  2239 | D:4      | Reached skill level 1 in Transmutations
  2239 | D:4      | Reached skill level 1 in Fire Magic
  2239 | D:4      | Reached skill level 1 in Ice Magic
  2239 | D:4      | Reached skill level 1 in Air Magic
  2239 | D:4      | Reached skill level 1 in Earth Magic
  2239 | D:4      | Reached skill level 1 in Poison Magic
  2274 | D:4      | Identified the +0 ring mail of the Everdark {rCorr}
  2474 | D:3      | Found a bloodstained altar of Trog.
  2555 | D:3      | Found a faded altar of an unknown god.
  2623 | D:3      | Reached XP level 5. HP: 40/40 MP: 7/7
  2706 | D:4      | Found a staircase to the Ecumenical Temple.
  2730 | Temple   | Entered the Ecumenical Temple
  3442 | D:4      | Found a glowing golden altar of the Shining One.
  3809 | D:4      | Reached XP level 6. HP: 36/47 MP: 8/8
  3973 | D:5      | Entered Level 5 of the Dungeon
  4012 | D:5      | Reached skill level 5 in Shields
  4012 | D:5      | Reached skill level 5 in Unarmed Combat
  4040 | D:5      | Gained mutation: Your body sometimes deteriorates upon
                  | taking damage. [potion of mutation]
  4040 | D:5      | Gained mutation: Your spells are a little harder to cast,
                  | but a little more powerful. [potion of mutation]
  4040 | D:5      | Gained mutation: Your body often deteriorates upon taking
                  | damage. [potion of mutation]
  4040 | D:5      | HP: 2/47 [something (4)]
  4053 | D:5      | Killed from afar by an orc wizard

Illustrated notes

Levels and vault maps discovered:
D:1:      roderic_chinese_lattice_arrival, layout_basic, serial_shops,
          shop_statue
D:2:      layout_basic, nicolae_shop_vocational
D:3:      layout_basic, bloody_trog, mainiacjoe_overflow_boulevard,
          mainiacjoe_overflow_cross_hatched, serial_shops, shop,
          ebering_ecumenical_altar_hall, minmay_bisected
D:4:      layout_loops_corners, nicolae_tso_besieged_by_evil,
          minmay_temple_entry_tees, minmay_misc_feat_tower, minmay_distorted
D:5:      layout_loops_ring, okawaru_trees_1,
          nicolae_ru_great_annihilating_truth, cheibrodos_sewer_entry_drain,
          grunt_ministairs_10, hex_large
Temple:   chequers_temple_sunken

Skill      XL: |  1  2  3  4  5  6 |
---------------+-------------------+-----
Invocations    | 1 2 |  2.4
Short Blades   | 1 2 |  2.1
Long Blades    | 1 2 |  2.1
Axes           | 1 2 |  2.1
Maces & Flails | 1 2 |  2.1
Polearms       | 1 2 |  2.1
Staves         | 1 2 |  2.1
Ranged Weapons | 1 2 |  2.1
Armour         | 1 2 |  2.1
Dodging        | 1 2 |  2.1
Spellcasting   | 1 2 |  2.1
Conjurations   | 1 |  1.7
Hexes          | 1 |  1.7
Summonings     | 1 |  1.7
Necromancy     | 1 |  1.7
Translocations | 1 |  1.7
Transmutations | 1 |  1.7
Fire Magic     | 1 |  1.7
Ice Magic      | 1 |  1.7
Air Magic      | 1 |  1.7
Earth Magic    | 1 |  1.7
Poison Magic   | 1 |  1.7
Fighting       | 3 |  3.4
Throwing       | 3 |  3.4
Stealth        | 3 |  3.2
Shields        | 5 |  5.1
Unarmed Combat | 5 |  5.1
Evocations     | |  6.9

Action                     |  1- 3 |  4- 6 || total
---------------------------+-------+-------++-------
  Melee: Unarmed           |   120 |   298 ||   418
         Bite              |     9 |    24 ||    33
  Throw: Dart              |       |     5 ||     5
         Boomerang         |       |     2 ||     2
  Evoke: Wand              |       |     2 ||     2
    Use: Potion            |       |     8 ||     8
   Stab: Sleeping          |     2 |       ||     2
 Armour: Leather armour    |    37 |    86 ||   123
         Skin              |       |     6 ||     6
         Ring mail         |       |    54 ||    54
  Dodge: Dodged            |    44 |   110 ||   154
  Block: Buckler           |    28 |   131 ||   159
         Reflection        |       |     4 ||     4
